[Event "Titled Tuesday Blitz May 03 Late 2022"]
[White "Turutin, Alexander"]
[Black "Remolar Gallen, Jose"]
[WhiteFideId "4180623"]
[BlackFideId "2215187"]
[WhiteElo "2402"]
[BlackElo "2205"]
[Result "0-1"]
[Round "08"]
[TimeControl "180+1"]
[Date "2022.05.03"]
[WhiteClock "0:00:45"]
[BlackClock "0:00:36"]

1. e4 c5 2. Nf3 d6 3. d4 cxd4 4. Nxd4 Nf6 5. Nc3 a6 6. g3 e5 7. Nde2 Be7 8. Bg2 O-O 9. O-O Nbd7 10. a4 b6 11. h3 Bb7 12. g4 Nc5 13. Ng3 Re8 14. g5 Nfd7 15. h4 Ne6 16. Nf5 Ndf8 17. Be3 Ng6 18. a5 bxa5 19. Nd5 Bxd5 20. Qxd5 Rb8 21. b3 Bf8 22. Rfd1 Ngf4 23. Bf1 Nxd5 0-1


[Site "https://www.chess.com"]

[Event "Titled Tuesday Blitz May 03 Late 2022"]
[White "Vega Gutierrez, Sabrina"]
[Black "Skawinski, Arkadiusz"]
[WhiteFideId "2219026"]
[BlackFideId "1126415"]
[WhiteElo "2286"]
[BlackElo "2229"]
[Result "1-0"]
[Round "08"]
[TimeControl "180+1"]
[Date "2022.05.03"]
[WhiteClock "0:00:53"]
[BlackClock "0:01:02"]

1. e4 e6 2. Qe2 e5 3. Nf3 Nc6 4. c3 Nf6 5. d4 d6 6. d5 Ne7 7. c4 g6 8. Nc3 Bg7 9. g3 O-O 10. Bg2 a5 11. b3 Nd7 12. O-O f5 13. Ng5 Nc5 14. Be3 h6 15. Ne6 Nxe6 16. dxe6 c6 17. Rad1 Bxe6 18. Bc5 Nc8 19. exf5 Bxf5 20. Ne4 b6 21. Bxd6 Nxd6 22. Rxd6 Qc7 23. Rfd1 Rfd8 24. c5 bxc5 25. Qc4+ Kh7 26. Qxc5 Bf8 27. Rxd8 Bxc5 28. Nf6+ Kg7 29. Ne8+ 1-0


[Site "https://www.chess.com"]

[Event "Titled Tuesday Blitz May 03 Late 2022"]
[White "Vovk, Orest"]
[Black "Smail, Benedict"]
[WhiteFideId "14113490"]
[BlackFideId "2050480"]
[WhiteElo "2203"]
[BlackElo "2070"]
[Result "1-0"]
[Round "08"]
[TimeControl "180+1"]
[Date "2022.05.03"]
[WhiteClock "0:01:37"]
[BlackClock "0:00:20"]

1. h4 d5 2. h5 e5 3. h6 Nxh6 4. d4 e4 5. Bxh6 gxh6 6. e3 Be6 7. c4 c6 8. Qb3 Qb6 9. Nc3 Nd7 10. Rh5 Bg4 11. Rh4 Be6 12. cxd5 Qxb3 13. axb3 cxd5 14. Bb5 Bb4 15. Rxh6 O-O 16. Rxe6 fxe6 17. Bxd7 Rf6 18. Ne2 Rd8 19. Bb5 a6 20. Bxa6 bxa6 21. Rxa6 Rdf8 22. Nf4 Kf7 23. Ra7+ Kg8 24. Ke2 Rb8 25. Ra6 Kf7 26. Na4 Bf8 27. Ra7+ Kg8 28. Nc5 Bxc5 29. dxc5 Rxb3 30. c6 Rxb2+ 31. Kd1 Rh6 32. Nh3 Rb8 33. Rd7 Rc8 34. c7 Rf6 35. Nf4 Rf7 36. Rd8+ Rf8 37. Nxe6 Rxc7 38. Rxf8# 1-0


[Site "https://www.chess.com"]

[Event "Titled Tuesday Blitz May 03 Late 2022"]
[White "Wagner, Dennis"]
[Black "Richter, Nils"]
[WhiteFideId "24650684"]
[BlackFideId "12990809"]
[WhiteElo "2355"]
[BlackElo "2243"]
[Result "1-0"]
[Round "08"]
[TimeControl "180+1"]
[Date "2022.05.03"]
[WhiteClock "0:01:20"]
[BlackClock "0:00:38"]

1. d4 d5 2. Nf3 Nf6 3. c3 c5 4. dxc5 Nc6 5. b4 g6 6. e3 Bg7 7. Bb2 O-O 8. Nbd2 e5 9. Be2 e4 10. Nd4 Ne5 11. h3 h5 12. c4 Nd3+ 13. Bxd3 exd3 14. Qb3 a5 15. a3 dxc4 16. Nxc4 Qd5 17. Nb6 Qxg2 18. O-O-O Rb8 19. Rhg1 Qxh3 20. Rxg6 Kh7 21. Rxg7+ Kxg7 22. Rg1+ Kh7 23. Qxd3+ Kh6 24. Nxc8 Ng4 25. Nf5+ Kh7 26. Nfe7+ Kh6 27. Nd6 Qh2 28. Nxf7+ Rxf7 29. Qg6# 1-0


[Site "https://www.chess.com"]

[Event "Titled Tuesday Blitz May 03 Late 2022"]
[White "Weber, Samuel"]
[Black "Prohorov, Olexandr"]
[WhiteFideId "12924008"]
[BlackFideId "14105578"]
[WhiteElo "2215"]
[BlackElo "1993"]
[Result "1-0"]
[Round "08"]
[TimeControl "180+1"]
[Date "2022.05.03"]
[WhiteClock "0:00:48"]
[BlackClock "0:00:03"]

1. e4 c5 2. Nf3 e6 3. d4 cxd4 4. Nxd4 Qb6 5. Nc3 Bc5 6. Be3 Nf6 7. Na4 Qa5+ 8. c3 Bxd4 9. Bxd4 Nc6 10. Bxf6 gxf6 11. Be2 b5 12. Nc5 b4 13. Nb3 Qb6 14. c4 Rg8 15. c5 Qc7 16. O-O a5 17. Rc1 Bb7 18. Bb5 Qe5 19. f3 Qxb2 20. Rf2 Qe5 21. Bxc6 Bxc6 22. Nd2 Bb5 23. a4 bxa3 24. Qb3 Qb2 25. Qxb2 axb2 26. Rb1 a4 27. Rxb2 Bc6 28. Nc4 Rg5 29. Nb6 Ra6 30. Rfc2 a3 31. Ra2 Kd8 32. h4 Re5 33. Rc3 f5 34. exf5 Rxf5 35. Kf2 Ra5 36. Raxa3 Rxa3 37. Rxa3 Rxc5 38. Ke3 Ke7 39. Ra7 Rc2 40. g4 Rc3+ 41. Ke2 Rxf3 42. Nxd7 Rg3 43. Ne5+ Kd6 44. Nxf7+ Kc5 45. Ne5 Bb5+ 46. Kf2 Rh3 47. Rxh7 Kd4 48. Nf3+ Kd5 49. Rh5+ Kc4 50. Rxb5 Kxb5 51. Kg2 Rxf3 52. Kxf3 Kc4 53. Ke4 Kc5 54. h5 Kd6 55. h6 Ke7 56. h7 Kf7 57. h8=Q 1-0


[Site "https://www.chess.com"]

[Event "Titled Tuesday Blitz May 03 Late 2022"]
[White "Xiong, Jeffery"]
[Black "Kazakouski, Valery"]
[WhiteFideId "2047640"]
[BlackFideId "13507443"]
[WhiteElo "2727"]
[BlackElo "2524"]
[Result "1-0"]
[Round "08"]
[TimeControl "180+1"]
[Date "2022.05.03"]
[WhiteClock "0:01:17"]
[BlackClock "0:00:01"]

1. Nf3 Nf6 2. c4 e6 3. b3 d5 4. Bb2 b6 5. g3 Bb7 6. Bg2 c5 7. cxd5 Nxd5 8. O-O Nf6 9. d4 Nbd7 10. Nc3 Be7 11. Re1 Rc8 12. e4 cxd4 13. Nxd4 Ne5 14. Qd2 O-O 15. Rad1 Qc7 16. f4 Ng6 17. e5 Ng4 18. Ncb5 Qb8 19. h3 Nh6 20. Bxb7 Qxb7 21. Qg2 Qxg2+ 22. Kxg2 a6 23. Nd6 Bxd6 24. exd6 Rfd8 25. Rc1 Nf8 26. Nc6 Nf5 27. Ne7+ Nxe7 28. dxe7 Rd2+ 29. Kf3 1-0


[Site "https://www.chess.com"]

[Event "Titled Tuesday Blitz May 03 Late 2022"]
[White "Yaran, Siar"]
[Black "Reprintsev, Alexander"]
[WhiteFideId "6323006"]
[BlackFideId "14100541"]
[WhiteElo "1977"]
[BlackElo "2108"]
[Result "0-1"]
[Round "08"]
[TimeControl "180+1"]
[Date "2022.05.03"]
[WhiteClock "0:00:01"]
[BlackClock "0:00:48"]

1. d4 d5 2. c4 e5 3. cxd5 Qxd5 4. Nf3 Nc6 5. Nc3 Bb4 6. e3 exd4 7. exd4 Bg4 8. Be2 Bxf3 9. Bxf3 Qc4 10. Bxc6+ bxc6 11. Qe2+ Qxe2+ 12. Kxe2 Kd7 13. Be3 Ne7 14. Rhc1 Rhe8 15. Kd3 Rab8 16. Na4 Nd5 17. Rc4 Re6 18. a3 Bd6 19. b4 h6 20. g3 f5 21. Rac1 Be7 22. Nc5+ Bxc5 23. Rxc5 g5 24. Bd2 a6 25. Rh1 Rbe8 26. h4 g4 27. Rcc1 f4 28. gxf4 Re4 29. Rce1 Nxf4+ 30. Kc4 Rxe1 31. Rxe1 Rxe1 32. Bxe1 Nh3 33. Kd3 h5 34. Ke4 Ng1 35. Bd2 Nf3 0-1


[Site "https://www.chess.com"]

[Event "Titled Tuesday Blitz May 03 Late 2022"]
[White "Yurovskykh, Oleksandr"]
[Black "Sailer, Mike"]
[WhiteFideId "14134020"]
[BlackFideId "2012901"]
[WhiteElo "2292"]
[BlackElo "2109"]
[Result "0-1"]
[Round "08"]
[TimeControl "180+1"]
[Date "2022.05.03"]
[WhiteClock "0:00:11"]
[BlackClock "0:00:11"]

1. d4 d5 2. c4 Bf5 3. Nc3 e6 4. cxd5 exd5 5. Qb3 Nc6 6. Qxd5 Nxd4 7. e4 Nc2+ 8. Ke2 Qxd5 9. Nxd5 O-O-O 10. exf5 Rxd5 11. Rb1 Nd4+ 12. Ke3 Nxf5+ 13. Ke4 Nf6+ 14. Kf3 Nd4+ 15. Ke3 Bc5 16. Bc4 Re8+ 17. Kd3 Rd7 18. Kc3 Ne4+ 19. Kd3 Nxf2+ 20. Kc3 Nxh1 21. Nf3 Nxf3 22. gxf3 Re1 23. b4 Be3 24. Kc2 Rdd1 25. Bxe3 Rxb1 26. Bd5 Rxe3 27. Kxb1 Nf2 28. f4 Ng4 29. Kc2 Nh6 30. Kd2 Re7 31. Bc4 c6 32. Kc3 Kd7 33. a4 Re3+ 34. Kd4 Rh3 35. Bb3 Rxb3 36. Kc4 Rh3 37. Kd4 Rxh2 38. b5 cxb5 39. axb5 Rh4 40. Kc5 Rxf4 41. b6 axb6+ 42. Kxb6 Rb4+ 43. Kc5 Rf4 44. Kb6 g5 45. Kxb7 g4 46. Kb6 Rc4 47. Kb5 Rc6 48. Kb4 g3 49. Kb3 g2 50. Kb2 g1=Q 51. Kb3 Qb6+ 52. Ka3 Rc3+ 53. Ka4 Qb3+ 54. Ka5 Rc5+ 55. Ka6 Qb5+ 56. Ka7 Rc7+ 57. Ka8 Qb7# 0-1


[Site "https://www.chess.com"]

[Event "Titled Tuesday Blitz May 03 Late 2022"]
[White "Zhang, Derek"]
[Black "Hambleton, Aman"]
[WhiteFideId "2087871"]
[BlackFideId "2606577"]
[WhiteElo "2085"]
[BlackElo "2552"]
[Result "0-1"]
[Round "08"]
[TimeControl "180+1"]
[Date "2022.05.03"]
[WhiteClock "0:00:07"]
[BlackClock "0:00:04"]

1. Nf3 b6 2. c4 Bb7 3. e3 c5 4. Be2 Nf6 5. O-O e6 6. Nc3 d6 7. b3 Be7 8. Bb2 O-O 9. d4 a6 10. Rc1 Nbd7 11. Qd2 Re8 12. Rfd1 cxd4 13. exd4 Bf8 14. h3 Rc8 15. Qe3 Qc7 16. Ng5 Qb8 17. Bf3 b5 18. Be2 bxc4 19. Bxc4 h6 20. Nf3 Bxf3 21. Qxf3 Rxc4 22. bxc4 Qxb2 23. Rb1 Qa3 24. Rb3 Qa5 25. Qc6 Rd8 26. Rdb1 e5 27. Ne2 exd4 28. Nxd4 Ne5 29. Qb7 Qxa2 30. Qb6 Rc8 31. R1b2 Qa1+ 32. Rb1 Qa2 33. R1b2 Qa4 34. Rb4 Qd1+ 35. Kh2 Nxc4 36. Qb7 Rc5 37. Nb3 Nxb2 38. Nxc5 dxc5 39. Rxb2 Qd6+ 40. g3 Qd4 41. Ra2 Qd5 42. Qxd5 Nxd5 43. Rxa6 g6 44. Rc6 Kg7 45. Kg2 Nb4 46. Rc7 Nd5 47. Rc6 Nf6 48. f3 Nd7 49. Rc7 Ne5 50. Rc8 Nd3 51. f4 Nb4 52. Kf3 Nd5 53. Ke4 Nf6+ 54. Kf3 h5 55. g4 hxg4+ 56. hxg4 Ng8 57. f5 gxf5 58. gxf5 Nf6 59. Kf4 Bd6+ 60. Kf3 Nd7 61. Rc6 Ne5+ 62. Ke4 Nxc6 63. Kd5 Kf6 64. Kxc6 c4 65. Kxd6 c3 0-1


[Site "https://www.chess.com"]

[Event "Titled Tuesday Blitz May 03 Late 2022"]
[White "Zhigalko, Sergei"]
[Black "Shimanov, Aleksandr"]
[WhiteFideId "13502956"]
[BlackFideId "4198603"]
[WhiteElo "2662"]
[BlackElo "2636"]
[Result "0-1"]
[Round "08"]
[TimeControl "180+1"]
[Date "2022.05.03"]
[WhiteClock "0:00:01"]
[BlackClock "0:00:09"]

1. e4 d5 2. exd5 Qxd5 3. Nf3 Bg4 4. Be2 Nc6 5. h3 Bxf3 6. Bxf3 Qe6+ 7. Be2 Nd4 8. Nc3 O-O-O 9. O-O Nxe2+ 10. Nxe2 Nf6 11. d4 Rg8 12. c3 g5 13. Ng3 Qd7 14. Re1 e6 15. Qf3 Be7 16. Re5 g4 17. hxg4 Nxg4 18. Ra5 Kb8 19. Bf4 Bd6 20. Re1 f5 21. Bxd6 Qxd6 22. d5 exd5 23. Qxf5 Qb6 24. Rxd5 Rxd5 25. Qxg4 Rdd8 26. Qe6 Qxb2 27. Nf5 Rgf8 28. g3 Qxc3 29. Re5 a6 30. Kg2 Qd3 31. Ne3 Qd7 32. Qh6 Qf7 33. f4 Qxa2+ 34. Kf3 Qf7 35. Qh5 Qxh5+ 36. Rxh5 Rd7 37. Ng4 Rc8 38. Ne5 Re7 39. Ke4 c5 40. f5 c4 41. f6 Rec7 42. f7 c3 43. Rf5 c2 44. f8=Q c1=Q 45. Qd6 Ka8 46. Nd3 Qc4+ 47. Ke3 Re8+ 48. Kf2 Qc2+ 0-1


[Site "https://www.chess.com"]

[Event "Titled Tuesday Blitz May 03 Late 2022"]
[White "Zhou, Qiyu"]
[Black "Gurevich, Dmitry"]
[WhiteFideId "505161"]
[BlackFideId "2000407"]
[WhiteElo "1925"]
[BlackElo "2506"]
[Result "1-0"]
[Round "08"]
[TimeControl "180+1"]
[Date "2022.05.03"]
[WhiteClock "0:00:02"]
[BlackClock "0:00:25"]

1. e4 c5 2. Nf3 d6 3. d4 cxd4 4. Nxd4 Nf6 5. Nc3 Nc6 6. Bg5 g6 7. Be2 Bg7 8. Nxc6 bxc6 9. O-O h6 10. Be3 O-O 11. Qd2 Kh7 12. h3 Qa5 13. Rfd1 Rb8 14. Rab1 Ba6 15. Bxa6 Qxa6 16. f4 Rb4 17. Qd3 Qxd3 18. cxd3 a5 19. Ne2 c5 20. Bd2 Rb7 21. Bc3 a4 22. Kf2 Rfb8 23. Ke3 d5 24. Bxf6 Bxf6 25. e5 Bg7 26. d4 cxd4+ 27. Rxd4 a3 28. b3 e6 29. Ra4 Bf8 30. Rc1 g5 31. g3 Kg6 32. Nd4 Rb6 33. Ra7 R8b7 34. Ra8 Be7 35. Rcc8 gxf4+ 36. gxf4 Kh5 37. Ne2 Rb4 38. Rh8 Bh4 39. Rag8 Rc7 40. Rg7 Rc2 41. Rgh7 Re4+ 42. Kf3 Rcxe2 43. Rxh6# 1-0


[Site "https://www.chess.com"]

[Event "Titled Tuesday Blitz May 03 Late 2022"]
[White "Zlatin, Alexander"]
[Black "Yanayt, Eugene"]
[WhiteFideId "2810549"]
[BlackFideId "2020165"]
[WhiteElo "2228"]
[BlackElo "2046"]
[Result "0-1"]
[Round "08"]
[TimeControl "180+1"]
[Date "2022.05.03"]
[WhiteClock "0:00:01"]
[BlackClock "0:00:09"]

1. e4 c5 2. Nf3 d6 3. d4 cxd4 4. Nxd4 Nf6 5. Nc3 g6 6. Be3 Bg7 7. f3 O-O 8. Qd2 Nc6 9. g4 Nxd4 10. Bxd4 Be6 11. Nd5 Bxd5 12. exd5 Nd7 13. Bxg7 Kxg7 14. h4 h6 15. h5 g5 16. O-O-O Qb6 17. f4 f6 18. Bd3 Qd4 19. fxg5 fxg5 20. Bf5 Qxd2+ 21. Rxd2 Ne5 22. Rd4 a5 23. a4 Ra6 24. b3 Rb8 25. Kb2 b5 26. axb5 Rxb5 27. Bd3 Nxd3+ 28. Rxd3 a4 29. Rf1 axb3 30. cxb3 Rb4 31. Rdf3 Rf4 32. Rxf4 gxf4 33. Rxf4 Ra5 34. Rf5 Rc5 35. g5 hxg5 36. Rxg5+ Kf6 37. Rg6+ Kf7 38. Rg5 Kf6 39. Rg1 Rxd5 40. Rh1 Kg7 41. Kc3 Kh6 42. b4 Rb5 43. Kc4 Rb6 44. b5 e6 45. Kb4 e5 46. Ka5 Rb8 47. b6 e4 48. Ka6 e3 49. b7 d5 50. Rd1 Re8 51. Ka7 d4 52. Rb1 e2 0-1


[Site "https://www.chess.com"]

[Event "Titled Tuesday Blitz May 03 Late 2022"]
[White "Andreikin, Dmitry"]
[Black "Tang, Andrew"]
[WhiteFideId "4158814"]
[BlackFideId "2059630"]
[WhiteElo "2736"]
[BlackElo "2584"]
[Result "0-1"]
[Round "09"]
[TimeControl "180+1"]
[Date "2022.05.03"]
[WhiteClock "0:00:07"]
[BlackClock "0:00:13"]

1. d4 d5 2. c4 e6 3. Nc3 Be7 4. cxd5 exd5 5. Bf4 c6 6. e3 Bf5 7. g4 Be6 8. Bd3 Nd7 9. h4 Bxh4 10. Qb3 Nb6 11. a4 g5 12. Nf3 gxf4 13. Rxh4 fxe3 14. a5 exf2+ 15. Kxf2 Nc4 16. Qxb7 Ne7 17. Bxc4 Rb8 18. Qxa7 dxc4 19. Ra2 Ng6 20. Rh6 O-O 21. Qc5 Bd5 22. a6 Qd7 23. a7 Rbe8 24. Nxd5 cxd5 25. Ne5 Qe6 26. Ra5 f6 27. Qxf8+ Rxf8 28. Nxg6 Qb6 29. Nxf8 Qxa5 30. Rxf6 Qxa7 31. Ne6 h6 32. g5 hxg5 33. Kg3 Qb8+ 34. Kg4 Qxb2 35. Kxg5 Qg2+ 36. Kf5 Qe4+ 37. Kg5 Qg2+ 38. Kh6 Qh3+ 39. Kg6 Qg4+ 40. Kh6 Qh3+ 41. Kg6 Qg3+ 42. Kh6 Qd6 43. Rg6+ Kh8 44. Ng5 Qf8+ 45. Kh5 Qf5 46. Kh6 Qf4 47. Re6 Qf8+ 48. Kg6 Qg8+ 49. Kf6 Qg7+ 50. Kf5 Qf8+ 51. Kg6 Kg8 52. Rf6 Qg7+ 53. Kf5 Qd7+ 54. Kg6 Qe8+ 55. Kh6 c3 56. Rg6+ Kh8 57. Re6 Qf8+ 58. Kg6 Qg7+ 59. Kf5 Qf8+ 60. Rf6 Qc8+ 61. Kg6 Qe8+ 62. Kh6 c2 63. Rf7 Qc6+ 64. Kh5 c1=Q 65. Rf8+ Kg7 66. Rf7+ Kg8 67. Re7 Qc8 68. Nf7 Qh1+ 69. Kg6 Qg2+ 70. Ng5 Qf8 71. Re5 Qc2+ 72. Kh5 Qcf5 73. Kh4 Qxe5 74. dxe5 Qf4+ 75. Kh5 Qxe5 76. Kg6 d4 77. Nf7 Qe6+ 78. Kg5 Kxf7 79. Kf4 d3 80. Kf3 d2 81. Kf4 d1=Q 82. Kg5 Qdd5+ 83. Kh4 Qee4+ 84. Kg3 Qdd3+ 85. Kh2 Qee2+ 86. Kg1 Qdd1# 0-1


[Site "https://www.chess.com"]

[Event "Titled Tuesday Blitz May 03 Late 2022"]
[White "Ansh M Shah"]
[Black "Jegorovas, Aleksandras"]
[WhiteFideId "25033379"]
[BlackFideId "12801950"]
[WhiteElo "1819"]
[BlackElo "2247"]
[Result "1-0"]
[Round "09"]
[TimeControl "180+1"]
[Date "2022.05.03"]
[WhiteClock "0:00:34"]
[BlackClock "0:00:16"]

1. d4 e6 2. c4 Nf6 3. Nf3 Nc6 4. g3 d5 5. cxd5 exd5 6. Bg2 Bg4 7. O-O Bd6 8. Nc3 a6 9. Qb3 Bxf3 10. exf3 O-O 11. Be3 Na5 12. Qa4 c6 13. Qc2 Nc4 14. b3 Nxe3 15. fxe3 Bb4 16. Na4 Re8 17. Qd3 Qd6 18. Rac1 Rad8 19. Nc5 Bxc5 20. Rxc5 Re7 21. Rc3 Rde8 22. Qd2 Qb4 23. Qc1 h5 24. h4 Qd6 25. Kf2 Nd7 26. Bh3 Nf8 27. Rd3 a5 28. Qc5 Qxc5 29. dxc5 Ne6 30. Bxe6 Rxe6 31. a3 Ra8 32. Rc1 a4 33. b4 Rc8 34. Rd4 g6 35. Rc3 Kg7 36. Rc2 f5 37. Rb2 Kf6 38. b5 Rc7 39. Rxa4 cxb5 40. Rxb5 Rec6 41. Rab4 Rxc5 42. Rxc5 Rxc5 43. Rb6+ Kf7 44. Rxb7+ Kf6 45. Rb6+ Kf7 46. Ke2 Rc2+ 47. Kd3 Ra2 48. Ra6 Rg2 49. a4 Rxg3 50. f4 Rg4 51. Kd4 Rxh4 52. Kxd5 Rh1 53. Ke5 Re1 54. Ra7+ Kg8 55. Kf6 Rxe3 56. Kxg6 Kf8 57. Kxh5 Re4 58. Kg5 Rb4 59. Kxf5 Kg8 60. Kg6 Rxf4 61. Ra8+ Rf8 62. Rxf8+ Kxf8 63. a5 1-0


[Site "https://www.chess.com"]

[Event "Titled Tuesday Blitz May 03 Late 2022"]
[White "Avalos Parra, Joao"]
[Black "Lehtosaari, Mauri"]
[WhiteFideId "3402541"]
[BlackFideId "501999"]
[WhiteElo "2173"]
[BlackElo "2523"]
[Result "1-0"]
[Round "09"]
[TimeControl "180+1"]
[Date "2022.05.03"]
[WhiteClock "0:00:06"]
[BlackClock "0:00:21"]

1. d4 d5 2. c4 c6 3. Nf3 Nf6 4. e3 Bg4 5. Nc3 e6 6. Be2 Nbd7 7. O-O Bd6 8. cxd5 exd5 9. Qb3 Qb6 10. Qc2 O-O 11. h3 Bh5 12. Re1 Rae8 13. b3 Ne4 14. Nxe4 dxe4 15. Nd2 Bxe2 16. Rxe2 f5 17. Nc4 Qc7 18. Nxd6 Qxd6 19. Bb2 Nf6 20. a4 Rf7 21. a5 a6 22. Ba3 Qd7 23. Bc5 Nd5 24. Rf1 Qe6 25. b4 g5 26. Qd2 h6 27. Ree1 Kh7 28. Qe2 Rg8 29. Kh1 Qg6 30. f3 Re8 31. fxe4 Rxe4 32. Rf3 Rf6 33. Qf2 g4 34. hxg4 fxg4 35. Rxf6 Nxf6 36. Qg3 Qg7 37. Rf1 Nd5 38. Bf8 Rxe3 39. Bxg7 Rxg3 40. Be5 Rb3 41. Rf7+ Kg6 42. Rxb7 Rxb4 43. Ra7 g3 44. Bxg3 Rxd4 45. Rxa6 Rc4 46. Ra8 Ra4 47. a6 Ne3 48. a7 Ra1+ 49. Kh2 Nf1+ 50. Kh3 Nxg3 51. Rg8+ Kh7 52. a8=Q Rxa8 53. Rxa8 Nh5 54. Rc8 Nf4+ 55. Kh2 Kg6 56. Rxc6+ Kg5 57. Ra6 h5 58. Ra5+ Kg4 59. g3 Ne2 60. Ra4+ Kg5 61. Kh3 Ng1+ 62. Kg2 Ne2 63. Ra5+ Kg4 64. Ra4+ Kg5 65. Re4 Nc3 66. Re8 Nd5 67. Kf3 Nf6 68. Re5+ Kg6 69. Ra5 Ng4 70. Kf4 Nf6 71. Ra6 Kg7 72. Kg5 Ne4+ 73. Kh4 Kh7 74. Re6 Nc5 75. Rc6 Ne4 76. Rc7+ Kg6 77. Rc6+ Kf5 78. Ra6 Ke5 79. Ra5+ Kf6 80. Rxh5 Kg6 81. Ra5 Nf6 82. Ra6 Kf5 83. Rxf6+ Kxf6 84. Kh5 Kg7 85. Kg5 Kf7 86. Kh6 Kg8 87. Kg6 Kh8 88. Kf7 Kh7 89. g4 Kh6 90. Kf6 Kh7 91. g5 Kh8 92. g6 Kg8 93. g7 Kh7 94. Kf7 Kh6 95. g8=Q Kh5 96. Kf6 Kh6 97. Qg6# 1-0


[Site "https://www.chess.com"]

[Event "Titled Tuesday Blitz May 03 Late 2022"]
[White "Barria Zuniga, Daniel"]
[Black "Yanayt, Eugene"]
[WhiteFideId "3400816"]
[BlackFideId "2020165"]
[WhiteElo "2414"]
[BlackElo "2046"]
[Result "1-0"]
[Round "09"]
[TimeControl "180+1"]
[Date "2022.05.03"]
[WhiteClock "0:00:45"]
[BlackClock "0:00:03"]

1. c4 e5 2. g3 Nc6 3. Bg2 f5 4. Nc3 Nf6 5. Nh3 Bc5 6. Na4 Be7 7. O-O d6 8. a3 O-O 9. b4 f4 10. d3 Nh5 11. e3 Qe8 12. exf4 exf4 13. Nxf4 Nxf4 14. Bxf4 Nd4 15. Nc3 Rxf4 16. gxf4 Qg6 17. Nd5 Bh4 18. Kh1 Bf5 19. Nxc7 Rf8 20. Nd5 Kh8 21. Be4 Bxe4+ 22. dxe4 Qxe4+ 23. f3 Qc2 24. Qxd4 Bf6 25. Qe4 Qb2 26. Rae1 h6 27. Nxf6 Rxf6 28. Qxb7 Rxf4 29. Re4 Rf6 30. Re8+ Kh7 31. Qe4+ g6 32. Qe7+ Rf7 33. Qxf7+ Qg7 1-0


[Site "https://www.chess.com"]

[Event "Titled Tuesday Blitz May 03 Late 2022"]
[White "Bifulco, Michel"]
[Black "Romanchuk, Viktor"]
[WhiteFideId "828580"]
[BlackFideId "14109271"]
[WhiteElo "2165"]
[BlackElo "2242"]
[Result "1/2-1/2"]
[Round "09"]
[TimeControl "180+1"]
[Date "2022.05.03"]
[WhiteClock "0:00:17"]
[BlackClock "0:00:50"]

1. d4 d5 2. Nc3 e6 3. Bf4 Bd6 4. e3 Nf6 5. Nf3 O-O 6. Bd3 b6 7. Ne5 Ba6 8. Bxa6 Nxa6 9. g4 Ne4 10. Nxe4 dxe4 11. c3 c5 12. Qc2 cxd4 13. exd4 Bxe5 14. Bxe5 f6 15. Bf4 Qd5 16. O-O-O Rac8 17. Kb1 Nb4 18. Qb3 Nd3 19. Be3 Qxb3 20. axb3 e5 21. dxe5 Nxe5 22. Rd4 Nxg4 23. Rxe4 Nxe3 24. Rxe3 Rfe8 25. Rhe1 Kf7 26. Kc2 Rxe3 27. Rxe3 Re8 28. Rxe8 Kxe8 29. c4 Kd7 30. b4 Kd6 31. Kd3 Ke5 32. Ke3 g5 33. h3 f5 34. f3 h6 35. b3 a6 36. Kd3 h5 37. Ke3 g4 38. fxg4 fxg4 39. hxg4 hxg4 40. Kf2 Kf4 41. Kg2 Kg5 42. Kg3 Kf5 43. Kg2 Kf4 44. Kf2 Ke4 45. Kg3 Kf5 46. Kg2 Kf4 47. Kf2 Ke4 48. Kg3 Kf5 1/2-1/2


[Site "https://www.chess.com"]

[Event "Titled Tuesday Blitz May 03 Late 2022"]
[White "Bluebaum, Matthias"]
[Black "Lashkin, Jegor"]
[WhiteFideId "24651516"]
[BlackFideId "13907808"]
[WhiteElo "2550"]
[BlackElo "2368"]
[Result "1-0"]
[Round "09"]
[TimeControl "180+1"]
[Date "2022.05.03"]
[WhiteClock "0:00:18"]
[BlackClock "0:00:03"]

1. d4 Nf6 2. c4 e6 3. Nc3 Bb4 4. e3 O-O 5. Bd2 c5 6. a3 Bxc3 7. Bxc3 Ne4 8. Ne2 b6 9. d5 Bb7 10. f3 Nxc3 11. Nxc3 exd5 12. cxd5 d6 13. e4 Ba6 14. Bxa6 Nxa6 15. O-O Nb8 16. f4 Nd7 17. Qf3 Qe7 18. Rae1 Rae8 19. Kh1 Qd8 20. Qg3 Qc7 21. a4 a6 22. h4 Re7 23. Re3 Rfe8 24. Rfe1 Qb8 25. h5 h6 26. Nd1 Nf6 27. Qf3 b5 28. axb5 axb5 29. Nf2 c4 30. g4 Qb6 31. R3e2 Nh7 32. e5 dxe5 33. fxe5 Ng5 34. Qg2 Qd4 35. d6 Rd7 36. Rd1 Qf4 37. Qd5 Nf3 38. Kg2 Nxe5 39. Rde1 Red8 40. Qxe5 Qxe5 41. Rxe5 Rxd6 42. Rxb5 Rd4 43. Kf3 Ra8 44. Re4 Rd2 45. Rxc4 Re8 46. Rc3 Re1 47. Re3 Rf1 48. Re2 Rd8 49. b4 Rb1 50. Rb7 Rb3+ 51. Kg2 Rf8 52. b5 Kh7 53. Ree7 Kg8 54. b6 Rb4 55. Kf3 Rb3+ 56. Re3 Rb4 57. Nd3 Rb1 58. Ne5 Re8 59. Nc6 Rf8 60. Ne7+ Kh7 61. Nf5 g6 62. Nd6 Kg7 63. Ree7 gxh5 64. gxh5 Kg8 65. Kf2 Rb2+ 66. Ke3 Rb3+ 67. Kd4 Rd8 68. Red7 Rb1 69. Rxd8+ 1-0


[Site "https://www.chess.com"]

[Event "Titled Tuesday Blitz May 03 Late 2022"]
[White "Bortnyk, Olexandr"]
[Black "Zhigalko, Sergei"]
[WhiteFideId "14120828"]
[BlackFideId "13502956"]
[WhiteElo "2723"]
[BlackElo "2662"]
[Result "0-1"]
[Round "09"]
[TimeControl "180+1"]
[Date "2022.05.03"]
[WhiteClock "0:00:07"]
[BlackClock "0:00:09"]

1. e4 c5 2. Be2 Nc6 3. f4 g6 4. Nf3 Bg7 5. d3 Nf6 6. O-O O-O 7. c3 d6 8. Kh1 Rb8 9. Be3 b5 10. Nbd2 b4 11. d4 bxc3 12. bxc3 cxd4 13. cxd4 d5 14. e5 Ng4 15. Bg1 h5 16. Nb3 Bf5 17. Nh4 Be4 18. Bxg4 hxg4 19. Qxg4 e6 20. Nf3 Nb4 21. Ng5 Bh6 22. Nxe4 dxe4 23. Nc5 Qd5 24. Rae1 Nd3 25. Nxe4 Bg7 26. Re3 Rb2 27. Nf6+ Bxf6 28. exf6 Qxd4 29. Qh3 Nxf4 30. Qh6 Nh5 31. Qxh5 gxh5 32. Rg3+ Qg4 33. Rxg4+ hxg4 34. Rf4 Rc8 35. Rxg4+ Kf8 36. h4 Rxa2 37. Kh2 a5 38. h5 Rac2 39. h6 R8c5 40. Bxc5+ Rxc5 41. Rh4 Kg8 42. h7+ Kh8 43. g4 Rg5 44. Kg3 Rg6 45. Rh5 Rxf6 46. Rxa5 Kxh7 47. Ra7 Kg7 48. Ra8 Rg6 49. Kf4 Rf6+ 50. Ke4 Rf1 51. Ra7 Kg6 52. Ra8 Kg5 53. Rg8+ Kf6 54. g5+ Ke7 55. g6 f5+ 56. Ke5 Re1+ 57. Kf4 Kf6 58. Kf3 Re4 59. Kg3 Rg4+ 60. Kf3 Rxg6 61. Rf8+ Ke5 62. Ra8 Rg4 63. Ra5+ Kf6 64. Ra8 Rc4 65. Rf8+ Ke5 66. Ra8 Rc3+ 67. Ke2 Kf4 68. Ra4+ Kg5 69. Kf2 e5 70. Ra5 e4 71. Ke2 Kf4 72. Kd2 Rd3+ 73. Ke2 Rh3 74. Kf2 Rh2+ 75. Kg1 Rb2 76. Rc5 e3 77. Rb5 Rxb5 0-1


[Site "https://www.chess.com"]

[Event "Titled Tuesday Blitz May 03 Late 2022"]
[White "Burke, Paul"]
[Black "Keller, Peter"]
[WhiteFideId "2605767"]
[BlackFideId "1272105"]
[WhiteElo "1866"]
[BlackElo "2275"]
[Result "0-1"]
[Round "09"]
[TimeControl "180+1"]
[Date "2022.05.03"]
[WhiteClock "0:00:54"]
[BlackClock "0:00:38"]

1. e4 e5 2. Nf3 Nc6 3. Bc4 Nf6 4. d4 exd4 5. O-O Nxe4 6. Re1 d5 7. Bxd5 Qxd5 8. Nc3 Qd7 9. Nxe4 Be7 10. Bg5 O-O 11. Bxe7 Qxe7 12. Nxd4 Bd7 13. Ng3 Qd8 14. Ndf5 Be6 15. Qxd8 Raxd8 16. c3 Rd2 17. b3 Rfd8 18. Ne3 Kf8 19. c4 Nb4 20. a3 Nc2 21. Nxc2 Rxc2 22. Rab1 Ra2 23. a4 Rdd2 24. h3 Rxf2 0-1


[Site "https://www.chess.com"]

[Event "Titled Tuesday Blitz May 03 Late 2022"]
[White "D`Arruda, Ricardo D."]
[Black "Kim, Sergey"]
[WhiteFideId "100692"]
[BlackFideId "13700570"]
[WhiteElo "2433"]
[BlackElo "2517"]
[Result "1-0"]
[Round "09"]
[TimeControl "180+1"]
[Date "2022.05.03"]
[WhiteClock "0:00:33"]
[BlackClock "0:00:18"]

1. d4 Nf6 2. Nf3 g6 3. Nc3 d6 4. e4 c6 5. Bg5 Qc7 6. Qd2 b5 7. e5 b4 8. exf6 bxc3 9. Qxc3 h6 10. fxe7 Bxe7 11. Bxe7 Qxe7+ 12. Qe3 Qxe3+ 13. fxe3 a5 14. Kd2 Be6 15. e4 O-O 16. Bd3 Nd7 17. a4 Nb6 18. b3 c5 19. d5 Bd7 20. Kc3 Rfc8 21. Nd2 Re8 22. Rae1 Rab8 23. Bb5 f5 24. Bxd7 Nxd7 25. exf5 gxf5 26. Nc4 Re4 27. Nxd6 Rd4 28. Nxf5 Rf4 29. Rhf1 Rxf1 30. Rxf1 h5 31. d6 Kf7 32. Re1 Kf6 33. Re7 Nb6 34. Ne3 Rd8 35. Rb7 Nd7 36. Ra7 Ke6 37. Nc4 h4 38. g3 hxg3 39. hxg3 Rg8 40. Rxa5 Rxg3+ 41. Kb2 Rg2 42. Ra8 Rh2 43. a5 Kd5 44. Rc8 Rh7 45. Rc7 Ke6 46. Nb6 1-0


[Site "https://www.chess.com"]